 Dungeon Crawl Stone Soup version 0.20.1-1-g8b1a95d (webtiles) character file.

567 CountDeLaPain the Cutter (level 7, -2/47 HPs)
             Began as a Halfling Fighter on Sept 29, 2017.
             Slain by an ancient zyme (7 damage)
             ... on level 2 of the Abyss.
             The game lasted 00:12:19 (5269 turns).

CountDeLaPain the Cutter (Halfling Fighter)         Turns: 5269, Time: 00:12:20

Health: -2/47      AC: 13    Str: 17    XL:     7   Next: 59%
Magic:  7/7        EV:  5    Int:  8    God:
Gold:   137        SH: 13    Dex: 14    Spells: 6/6 levels left

rFire    . . .     SeeInvis .   a - +0 rapier
rCold    . . .     Gourm    .   c - +0 shield
rNeg     . . .     Faith    .   l - +0 plate armour
rPois    .         Spirit   .   (no helmet)
rElec    .         Reflect  +   g - +0 cloak
rCorr    .         Harm     .   (no gloves)
MR       .....                  (no boots)
Stlth    ..........             t - +3 amulet of reflection
Regen    0.0/turn               (no ring)
MPRegen  0.1/turn               (no ring)

@: non-regenerating, diseased
A: mutation resistance 1
a: no special abilities


You were on level 2 of the Abyss.
You were not hungry.

You visited 1 branch of the dungeon, and saw 4 of its levels.
You visited the Abyss 1 time.

You collected 137 gold pieces.

Inventory:

Hand Weapons
 a - a +0 rapier (weapon)
Armour
 b - a +0 scale mail
 c - a +0 shield (worn)
 g - a +0 cloak (worn)
 l - a +0 plate armour (worn)
Jewellery
 t - a +3 amulet of reflection (around neck)
 u - an uncursed amulet of magic regeneration {unknown}
Scrolls
 k - 2 scrolls of remove curse {unknown}
 o - a scroll of blinking {unknown}
 p - 2 scrolls of identify
 q - a scroll of amnesia {unknown}
 s - a scroll of immolation {unknown}
Potions
 d - a potion of might
 e - a potion of mutation {unknown}
 i - a potion of haste
 j - a potion of curing
 m - a potion of berserk rage {unknown}
 r - 2 potions of brilliance {unknown}
 v - a potion of lignification {unknown}
Comestibles
 f - a bread ration
 h - 2 royal jellies
 n - a meat ration


   Skills:
 + Level 3.7 Fighting
 + Level 6.1 Short Blades
 + Level 5.0 Armour
 + Level 1.2 Dodging
 + Level 5.1 Shields


You had 6 spell levels left.
You didn't know any spells.

Dungeon Overview and Level Annotations

Branches:
Dungeon (4/15)
 Temple: D:4-7

Altars:
Elyvilon
Nemelex Xobeh

Shops:
D:4 !

Annotations:
D:2 Sigmund
D:4 Crazy Yiuf


Innate Abilities, Weirdness & Mutations

You are small and have problems with some larger weapons.
You are somewhat resistant to further mutation.


Message History

You block the small abomination's attack.
You hit the small abomination but do no damage.
The small abomination is heavily damaged.
You hit the small abomination but do no damage.
The small abomination is heavily damaged.
The small abomination hits you!
* * * LOW HITPOINT WARNING * * *
You block the ancient zyme's attack.
The ancient zyme hits you but does no damage.
The small abomination hits you but does no damage.
You barely miss the small abomination.
The small abomination is heavily damaged.
You block the ancient zyme's attack. The ancient zyme hits you.
* * * LOW HITPOINT WARNING * * *
You hit the small abomination but do no damage.
The small abomination is heavily damaged.
You block the small abomination's attack.
The ancient zyme hits you but does no damage.
The ancient zyme hits you!
You die...

# . . # . .#
.♣♣♣♣♣ ♣.. # ## .
♣.♣♣♣ ♣.♣..# #
.'..♣.♣.♣###...#
#.........x♣#...#
##.. ..♣ ♣♣@x...#
#.#...♣♣ ♣♣#...#
#...... . #..♣ #
#..... ♣ ♣♣.# .#
..##. _. . ##.. #
## .#. .


You could see an ancient zyme and a small abomination.

Vanquished Creatures
  The ghost of skrub the Ducker, an amateur FeBe of Trog (D:4)
  An ogre (D:4)
  2 orc priests
  An iguana (D:4)
  A worker ant (D:4)
  An orc wizard (D:3)
  9 gnolls
  6 adders
  An ooze (D:4)
  5 worms
  2 dart slugs (D:1)
  3 leopard geckos
  12 orcs
  2 ball pythons
  8 giant cockroaches
  7 goblins
  5 hobgoblins
  5 kobolds
  A quokka (D:2)
  5 bats
  5 frilled lizards
  A leopard gecko skeleton (D:4)
  5 rats
89 creatures vanquished.

Vanquished Creatures (others)
  An orc (D:3)
1 creature vanquished.

Grand Total: 90 creatures vanquished

Notes
Turn   | Place    | Note
-------+----------+-------------------------------------------
     0 | D:1      | CountDeLaPain the Halfling Fighter began the quest for the Orb.
     0 | D:1      | Reached XP level 1. HP: 15/15 MP: 1/1
   146 | D:1      | Reached XP level 2. HP: 16/20 MP: 2/2
   650 | D:1      | Reached skill level 3 in Short Blades
   650 | D:1      | Reached XP level 3. HP: 26/26 MP: 3/3
  1164 | D:2      | Reached XP level 4. HP: 31/31 MP: 4/4
  1305 | D:2      | Reached skill level 4 in Short Blades
  1305 | D:2      | Reached skill level 1 in Dodging
  1341 | D:2      | Reached XP level 5. HP: 36/36 MP: 5/5
  1397 | D:2      | Noticed Sigmund
  1966 | D:2      | Found a sparkling altar of Nemelex Xobeh.
  2068 | D:2      | Reached XP level 6. HP: 42/42 MP: 6/6
  2198 | D:1      | Reached skill level 5 in Short Blades
  2997 | D:3      | Found a white marble altar of Elyvilon.
  3288 | D:4      | Noticed an ogre
  3542 | D:4      | Found Hozoh's Distillery.
  3603 | D:4      | Killed an ogre
  3603 | D:4      | Reached XP level 7. HP: 5/46 MP: 7/7
  3637 | D:4      | Noticed skrub's ghost (amateur FeBe)
  4179 | D:4      | Killed skrub's ghost
  4559 | D:4      | Found a runed door.
  4607 | D:4      | Reached skill level 6 in Short Blades
  4892 | D:4      | Reached skill level 5 in Armour
  4892 | D:4      | Reached skill level 5 in Shields
  5234 | D:4      | Noticed Crazy Yiuf
  5240 | D:4      | Cast into level 2 of the Abyss (Crazy Yiuf)
  5240 | Abyss:2  | Found a corrupted altar of Lugonu.
  5245 | Abyss:2  | Noticed a small abomination
  5263 | Abyss:2  | Noticed an ancient zyme
  5269 | Abyss:2  | Slain by an ancient zyme

Skill      XL: |  1  2  3  4  5  6  7 |
---------------+----------------------+-----
Fighting       | 3 |  3.7
Short Blades   | 3 4 5 6 |  6.1
Dodging        | 1 |  1.2
Armour         | 4 5 |  5.0
Shields        | 4 5 |  5.1

Action                   |  1- 3 |  4- 6 |  7- 9 || total
-------------------------+-------+-------+-------++-------
Melee: Rapier            |   110 |   258 |    91 ||   459
  Use: Scroll            |       |     1 |     1 ||     2
  Eat: Chunk             |       |     9 |     5 ||    14
Armor: Scale mail        |    20 |       |       ||    20
       Plate armour      |    28 |   139 |    27 ||   194
Dodge: Dodged            |    26 |    45 |    14 ||    85
Block: Shield            |    55 |   157 |    39 ||   251
